[Event "The Allsvenskan 2024/25 Div II 5: SS Manhem III - Thunder Chess II"]
[Site "Goteborgs Schackcentrum, Vegatan 20, Gothenburg, Sweden"]
[Date "2024.11.17"]
[Round "1.1"]
[White "Nuoristo, Peter"]
[Black "Recktenwald, Christian"]
[Result "1-0"]
[TimeControl "90 minutes for 40 moves + 30 minutes for the rest of the game + 30 seconds per move from move one."]
[WhiteFideId "1712462"]
[BlackFideId "1728709"]
[WhiteElo "2072"]
[BlackElo "1868"]

1. d4 Nf6 2. c4 e6 3. Nf3 c5 4. d5 exd5 5. cxd5 g6 6. Nc3 Bg7 7. e4 d6 8. Bb5+ Nbd7 9. a4 O-O 10.
O-O Re8 11. Re1 a6 12. Bf1 b6 13.
h3 Ra7 14. Bf4 Nb8 15. Bh2 Rae7 16. Nd2 Bb7 17. Qb3 Bf8 18. f3 Ba8 19. Nc4 Rb7 20. Rad1 b5 21. axb5 axb5 22. Nxb5 Qd7 23.
Nca3 Na6 24. Qc3 Qd8 25. Nxd6 Bxd6 26. Bxd6 Qxd6 27. e5 Qb6 28. exf6 Rbb8 29. Nc4 Qd8 30. d6 Re6 31. Rxe6 fxe6 32. f7+ Kxf7 33. Ne5+ Kg8 34. Bxa6 1-0

[Event "The Allsvenskan 2024/25 Div II 5: SS Manhem III - Thunder Chess II"]
[Site "Goteborgs Schackcentrum, Vegatan 20, Gothenburg, Sweden"]
[Date "2024.11.17"]
[Round "1.2"]
[White "Andreasson, Vincent"]
[Black "Alharash, Feras"]
[Result "1-0"]
[TimeControl "90 minutes for 40 moves + 30 minutes for the rest of the game + 30 seconds per move from move one."]
[WhiteFideId "1721321"]
[BlackFideId "7604645"]
[WhiteElo "1988"]
[BlackElo "1917"]

1. d4 d5 2. Nf3 e6 3. c4 a6 4. Qc2 dxc4 5. Qxc4 b5 6. Qc2 Bb7 7. Nbd2 Nc6 8. e3 Nf6 9. Be2 Nb4 10.
Qb1 c5 11. a3 Nc6 12. dxc5 Bxc5 13. O-O O-O 14. Rd1 Qe7 15. b4 Bb6 16. Bb2 Rac8 17. Ng5 e5 18. Qf5 Qd7 19. Qxd7 Nxd7 20.
Nc4 Rc7 21. Nxb6 Nxb6 22. Rac1 Re7 23. Ne4 Nd4 24. exd4 Bxe4 25. dxe5 Bd5 26. Bd4 Bc4 27. Bg4 Rb7 28. Bc5 Re8 29.
Rd6 Na4 30. Bd4 Be6 31. Bxe6 fxe6 32. Rxa6 Rd7 33. Rd6 Rxd6 34. exd6 Rd8 35. Rc6 Rd7 36. f4 Kf7 37. Kf2 1-0

[Event "The Allsvenskan 2024/25 Div II 5: SS Manhem III - Thunder Chess II"]
[Site "Goteborgs Schackcentrum, Vegatan 20, Gothenburg, Sweden"]
[Date "2024.11.17"]
[Round "1.3"]
[White "Bergre, Joachim"]
[Black "Ahlqvist, Jonas"]
[Result "1-0"]
[TimeControl "90 minutes for 40 moves + 30 minutes for the rest of the game + 30 seconds per move from move one."]
[WhiteFideId "1704893"]
[BlackFideId "1721330"]
[WhiteElo "1966"]
[BlackElo "1867"]

1. Nf3 Nc6 2. c4 e5 3. Nc3 Nf6 4. d3 Be7 5. g3 d6 6. Bg2 O-O 7. O-O Bf5 8. a3 Qd7 9. Re1 Bh3 10. Bh1 h6 11. b4 a6 12. Bb2 Qf5 13.
Nd5 Bd8 14. Rc1 Ng4 15. Ne3 Nxe3 16. fxe3 Re8 17. e4 Qg4 18. Bg2 Re6 19. Rf1 Ne7 20. Nh4 Bxg2 21. Kxg2 Ng6 22. Nxg6 Rxg6 23.
e3 Qg5 24. Qe2 h5 25. Rf5 Qg4 26. Qf2 Bf6 27. h3 Qh4 28. Kh2 1-0

[Event "The Allsvenskan 2024/25 Div II 5: SS Manhem III - Thunder Chess II"]
[Site "Goteborgs Schackcentrum, Vegatan 20, Gothenburg, Sweden"]
[Date "2024.11.17"]
[Round "1.4"]
[White "Almemo, Fredrik"]
[Black "Knutsson, Anders"]
[Result "1/2-1/2"]
[TimeControl "90 minutes for 40 moves + 30 minutes for the rest of the game + 30 seconds per move from move one."]
[WhiteFideId "1721186"]
[BlackFideId "1789198"]
[WhiteElo "1896"]
[BlackElo "1870"]

1. d4 Nf6 2. c4 d6 3. Nf3 Nbd7 4. Nc3 e5 5. d5 Be7 6. g3 O-O 7. Bg2 c6 8. O-O a5 9. b3 Nc5 10.
dxc6 bxc6 11. Be3 e4 12. Nd2 d5 13. cxd5 cxd5 14. Bxc5 Bxc5 15. e3 Bg4 16. Qc2 Rc8 17. h3 Bb4 18.
hxg4 Rxc3 19. Qb2 Rd3 20. Rfd1 Bc3 21. Qb1 Rxd2 22. Rxd2 Bxd2 23. g5 Ng4 24. Qd1 Nxe3 25. Qxd2 Nxg2 26.
Kxg2 Re8 27. Rc1 d4 28. Rc5 e3 29. fxe3 Qa8+ 30. e4 Rxe4 31. Kh3 Qe8 32. Qxa5 Qe6+ 33. Rf5 h6 34. Qd5 d3 35.
Qxe6 fxe6 36. Rf1 e5 37. Rd1 Rd4 38. Kg2 e4 39. Kf2 Rd5 40. gxh6 gxh6 41. Ke3 Re5 42. a4 Kf7 43. b4 Ke6 44.
Rc1 Kd6 45. Rc8 1/2-1/2

[Event "The Allsvenskan 2024/25 Div II 5: SS Manhem III - Thunder Chess II"]
[Site "Goteborgs Schackcentrum, Vegatan 20, Gothenburg, Sweden"]
[Date "2024.11.17"]
[Round "1.5"]
[White "Christoforidis, Nicolas"]
[Black "Freed, Markus"]
[Result "0-1"]
[TimeControl "90 minutes for 40 moves + 30 minutes for the rest of the game + 30 seconds per move from move one."]
[WhiteFideId "1789180"]
[BlackFideId "1717944"]
[WhiteElo "1892"]
[BlackElo "1761"]

1. e4 c5 2. Nf3 e6 3. d4 cxd4 4. Nxd4 Nc6 5. Nb3 Nf6 6.
Bd3 Qc7 7. O-O a6 8. Be3 Nb4 9. Nc3 b5 10. a3 Nc6 11. f4 d6 12. Be2 Bb7 13. Bf3 Rc8 14. Qd2 Be7 15. Rad1 O-O 16.
Qf2 b4 17. Bb6 Qb8 18. axb4 Nxb4 19. Rfe1 Ba8 20. Be3 d5 21. e5 Ne4 22. Bxe4 dxe4 23. Kh1 Bh4 24. g3 Be7 25. h3 h6 26.
Kh2 Rc7 27. Nc5 Nxc2 28. Nxa6 Qb7 29. Qxc2 Qxa6 30. Rd2 Qc4 31. Rd4 Qc6 32. Qe2 Rb8 33. Nxe4 Qc2 34. Bc1 Qxe2+ 35. Rxe2 Rxc1 36.
Rd7 Bxe4 0-1

[Event "The Allsvenskan 2024/25 Div II 5: SS Manhem III - Thunder Chess II"]
[Site "Goteborgs Schackcentrum, Vegatan 20, Gothenburg, Sweden"]
[Date "2024.11.17"]
[Round "1.6"]
[White "Jakubec, Pavol"]
[Black "Alwaeli, Looay"]
[Result "1/2-1/2"]
[TimeControl "90 minutes for 40 moves + 30 minutes for the rest of the game + 30 seconds per move from move one."]
[WhiteFideId "1509292"]
[BlackFideId "4805127"]
[WhiteElo "1742"]
[BlackElo "1864"]

1. d4 Nf6 2. c4 g6 3. Nc3 Bg7 4. e4 d6 5. f3 O-O 6.
Be3 e5 7. d5 a5 8. Bd3 Na6 9. Rb1 Bd7 10. Nge2 Qe7 11. Bc2 c6 12. Bb6 cxd5 13. cxd5 Nb8 14. Bd3 Rc8 15. O-O Nh5 16.
Qe1 Nf4 17. Nxf4 exf4 18. Ne2 Ba4 19. Nxf4 Nd7 20. Bf2 Bc2 21. Rc1 Bxd3 22. Nxd3 a4 23. Qb4 Ne5 24. Nxe5 Bxe5 25. Bd4 Rxc1 26.
Rxc1 Bf4 27. Rc2 1/2-1/2